AoeStats
← 76896859

Arabia

505902964Analyzed
1v1 RM · 21d ago on Sep 11, 2026· 36m 5s· 2 players
Game mode
Random Map
Map size
Tiny (2 player)
Population
200
Speed
Normal
Resources
Standard
Victory
Conquest
Starting age
Dark Age
Ending age
Imperial Age
RankedLock teamsTeams togetherTeam positionsShared explorationLock speedFull tech treeHidden civsTurbo modeCheats
Victory
Defeat
🇨🇳 Huns · China
995
+16
🇬🇧 Malians · United Kingdom
997
-16
76896859
4:28 Loom
9:37 Feudal Age
10:39 Double-Bit Axe
12:17 Horse Collar
17:20 Wheelbarrow
19:03 Fletching
26:01 Castle Age
24:04 Stone Mining
24:07 Gold Mining
25:25 Bloodlines
25:30 Forging
26:05 Scale Barding Armor
26:52 Heavy Plow
27:05 Bow Saw
29:05 Husbandry
29:55 Gold Shaft Mining
30:45 Hand Cart
32:25 Town Watch
34:12 Chain Barding Armor
34:27 Iron Casting
stonedinaldi
7:49 Loom
10:20 Feudal Age
17:44 Man-at-Arms
24:15 Castle Age
23:30 Double-Bit Axe
23:29 Horse Collar
26:46 Bow Saw
28:38 Fletching
29:43 Wheelbarrow
30:12 Scale Mail Armor
Connection lost

Rejoining the realm…

Still unreachable

The connection could not be restored.

Session expired

The server has moved on; the page needs a fresh start.